 Zot Defence DCSS version 0.14-a0-2071-g7172c92 (webtiles) character file.

912 BluebellGnoll the Chopper (level 7, -1/54 (60) HPs)
             Began as a Lava Orc Berserker on Jan 23, 2014.
             Was a Priest of Trog.
             Killed by an exploding giant spore (31 damage)
             ... summoned by the player character
             ... set off by their pet
             ... in the Realm of Zot (Scenario I: Hall of Zot).
             The game lasted 00:18:48 (1147 turns).

BluebellGnoll the Chopper (Lava Orc Berserker)      Turns: 1147, Time: 00:18:48

HP  -1/54 (60)   AC  5     Str 22      XL: 7   Next: 82%
MP   7/7         EV 13     Int  7      God: Trog [***...]
Gold 0           SH  0     Dex 10      Spells:  0 memorised,  6 levels left

rFire  + . .     SeeInvis .     a - +0 orc hand axe
rCold  . . .     Clarity  .     b - +0 animal skin
rNeg   . . .     Conserve .     (no shield)
rPois  .         rCorr    .     (no helmet)
rElec  .         rRot     .     (no cloak)
SustAb . .       Spirit   .     (no gloves)
rMut   .         Warding  .     (no boots)
Saprov + . .     Stasis   .     (no amulet)
MR     .....                    (no ring)
                                (no ring)

@: confused, exhausted, slowed, very slow, not resistant to hostile
enchantments, very unstealthy
A: conserve scrolls, saprovore 1
a: Make dart trap, Make oklob sapling, Make arrow trap, Make plant, Remove
Curse, Make burning bush, Make altar, Make grenades, Make oklob plant, Burn
Spellbooks, Berserk, Trog's Hand, Renounce Religion


You were in the Realm of Zot.
You worshipped Trog.
Trog was most pleased with you.
You were not hungry.

You visited 1 branch

Inventory:

Hand weapons
 a - a +0,+0 orcish hand axe (weapon)
 k - a cursed -3,-1 orcish war axe
Missiles
 i - 3 darts of flame
 j - 52 darts (quivered)
Armour
 b - a +0 animal skin (worn)
 n - a +0 chain mail
Comestibles
 d - a meat ration
Scrolls
 l - 2 scrolls of teleportation {unknown}
 m - a scroll of blinking
Potions
 c - 3 potions of curing
 e - a potion of heal wounds
 f - a potion of speed
 g - 2 potions of magic
 h - a potion of berserk rage


   Skills:
 + Level 4.8 Fighting
 + Level 5.9 Axes
 * Level 4.3 Throwing
 * Level 4.3 Armour
 + Level 3.9 Dodging


You had 6 spell levels left.
You didn't know any spells.

Dungeon Overview and Level Annotations

Branches:
    Zot (1/1)

Altars:


Innate Abilities, Weirdness & Mutations

You have stony skin.
Your flesh is heat resistant.
Your flesh is vulnerable to cold.
Your heat harms attackers.
You bathe your surroundings in blazing heat.
You are too hot to use scrolls.
You are very good at protecting items from fire.
You can tolerate rotten meat.


Message History

You create a living grenade.
A dart hits the giant slug!
Your oklob plant spits acid at the giant slug.
The splash of acid hits the giant slug.
Your oklob plant spits acid at the giant slug.
The splash of acid hits the giant slug.
Your oklob plant spits acid at the giant slug.
The splash of acid hits the giant slug.
Things that are here:
a water moccasin corpse; an elven short sword Your skin cools and hardens.
Your giant spore explodes!
The giant slug appears confused.
The explosion of spores engulfs the giant slug.
The explosion of spores engulfs your giant spore.
Your giant spore explodes!
The explosion of spores engulfs you!
You are confused.
Ouch! That really hurt!
You die...

▓▓▓▓▓▓ ▓▓▓▓▓▓▓▓▓▓ ..▓▓▓▓
▓▓▓▓...... .....▓▓▓ ▓▓▓.........
.......▓▓ ▓▓........... ........▓
▓▓▓▓▓▓▓▓▓ ▓............
........▓▓▓.......▓▓▓............
........▓▓.........▓▓............
........▓...........▓............
......(.^^^j))(%@.^^^............
.......(▓.(....)....▓............
........▓▓.........▓▓............
........▓▓▓P.....P▓▓▓............
........# ▓▓▓▓▓▓▓▓▓ #............
.......## ##........... .....###
###......... ..#### ####......
####### ###########


You could see a giant slug (confused) and 2 friendly oklob plants.

Vanquished Creatures
  A yellow wasp (Zot)
  A water moccasin (Zot)
  4 iguanas (Zot)
  A sheep (Zot)
  Ijyb (Zot)
  3 adders (Zot)
  2 gnolls (Zot)
  A green rat (Zot)
  A worm (Zot)
  A giant gecko (Zot)
  7 oozes (Zot)
  13 bats (Zot)
  3 giant cockroaches (Zot)
  A goblin (Zot)
  A hobgoblin (Zot)
  2 jackals (Zot)
  7 kobolds (Zot)
50 creatures vanquished.

Vanquished Creatures (collateral kills)
  An agate snail (Zot)
  2 sheep (Zot)
  Terence (Zot)
  A gnoll (Zot)
  An adder (Zot)
  A worm (Zot)
  A giant eyeball (Zot)
  An orc (Zot)
  A goblin (Zot)
  2 hobgoblins (Zot)
  2 quokkas (Zot)
  4 bats (Zot)
  16 giant spores (Zot)
34 creatures vanquished.

Vanquished Creatures (others)
  An oklob sapling (Zot)
  An adder (Zot)
  A giant cockroach (Zot)
  9 goblins (Zot)
  3 quokkas (Zot)
  3 ball pythons (Zot)
  7 giant spores (Zot)
  11 kobolds (Zot)
  16 rats (Zot)
52 creatures vanquished.

Grand Total: 136 creatures vanquished

Notes
Turn   | Place    | Note
--------------------------------------------------------------
     0 | Zot      | BluebellGnoll, the Lava Orc Berserker, began the quest for the Orb.
     0 | Zot      | Reached XP level 1. HP: 19/19 MP: 1/1
   198 | Zot      | Reached skill level 4 in Axes
   198 | Zot      | Reached XP level 2. HP: 27/27 MP: 2/2
   307 | Zot      | Acquired Trog's second power
   307 | Zot      | Reached XP level 3. HP: 30/30 MP: 3/3
   476 | Zot      | Reached skill level 1 in Throwing
   521 | Zot      | Reached XP level 4. HP: 28/34 MP: 4/4
   539 | Zot      | Reached XP level 5. HP: 30/41 MP: 5/5
   542 | Zot      | Reached skill level 5 in Axes
   644 | Zot      | Reached XP level 6. HP: 17/49 MP: 6/6
   743 | Zot      | Noticed Ijyb
   754 | Zot      | Killed Ijyb
   846 | Zot      | Reached XP level 7. HP: 32/54 MP: 7/7
   941 | Zot      | Noticed Terence
   944 | Zot      | Killed Terence
  1023 | Zot      | Paralysed by a giant eyeball for 4 turns
  1147 | Zot      | Killed by an exploding giant spore... set off by their pet

Action                   |  1- 3 |  4- 6 |  7- 9 || total
-------------------------+-------+-------+-------++-------
Melee: Hand axe          |    51 |    41 |    11 ||   103
Throw: Dart              |    14 |    13 |    26 ||    53
Invok: Burn Spellbooks   |     3 |       |       ||     3
       Berserk           |       |     2 |     1 ||     3
       Trog's Hand       |       |     1 |       ||     1
 Abil: Make dart trap    |    12 |       |       ||    12
       Make oklob saplin |     1 |       |       ||     1
       Make grenades     |       |     6 |     6 ||    12
       Make oklob plant  |       |       |     2 ||     2
  Use: Potion            |       |     1 |       ||     1
